 Dungeon Crawl Stone Soup version 0.32-a0-918-g0f22ef8d61 (webtiles) character file.

Game seed: 6530189551601863002

113 ragingrage the Charlatan (level 5, -1/37 HPs)
             Began as a Djinni Artificer on Apr 10, 2024.
             Slain by a gnoll
             ... wielding a +0 flail
              (10 damage)
             ... on level 3 of the Dungeon.
             The game lasted 00:02:47 (2626 turns).

ragingrage the Charlatan (Djinni Artificer)         Turns: 2626, Time: 00:02:48

Health: -1/37      AC:  3    Str: 11    XL:     5   Next: 17%
Gold:   162        EV: 10    Int: 15    God:
                   SH:  0    Dex: 13

rFire   + + .        o - +7 flail of the Throat {heavy, rN+}
rCold   x . .        (no shield)
rNeg    + . .        b - +0 leather armour
rPois   ∞            (no helmet)
rElec   .            (no cloak)
rCorr   .            (no gloves)
SInv    +            (boots unavailable)
Will    .....        (no amulet)
Stlth   ++           j - ring of see invisible
HPRegen 0.26/turn    (no ring)

%: infuse magic (-2 HP)
@: flying, very slightly contaminated
A: sickness immunity, fire resistance 2, cold vulnerability 1, float, innate
caster, HP casting, extra vitality 1
a: no special abilities


You were on level 3 of the Dungeon.
You visited 1 branch of the dungeon, and saw 3 of its levels.

You collected 162 gold pieces.

Inventory:

Hand Weapons
 o - the +7 flail of the Throat (weapon) {heavy, rN+}
   (You found it on level 2 of the Dungeon)

   rN+:       It protects you from negative energy.
Missiles
 r - 2 poisoned darts
Armour
 b - a +0 leather armour (worn)
 g - an orb of guile
Jewellery
 j - a ring of see invisible (left hand)
 s - a ring of wizardry
Wands
 c - a wand of flame (21)
 d - a wand of charming (14)
 e - a wand of iceblast (5)
Scrolls
 f - 5 scrolls of identify {unknown}
 h - a scroll of blinking {unknown}
 n - a scroll of poison {unknown}
 p - a scroll of butterflies {unknown}
 q - a scroll of fog {unknown}
Potions
 a - a potion of enlightenment {unknown}
 i - a potion of mutation {unknown}
 k - a potion of degeneration {unknown}
 l - a potion of lignification {unknown}
 m - a potion of might {unknown}


   Skills:
 - Level 1.0 Fighting
 - Level 1.0 Armour
 - Level 2.1 Dodging
 - Level 2.0 Stealth
 * Level 2.9 Spellcasting
 * Level 2.9 Conjurations
 * Level 2.9 Hexes
   Level 0.0 Charms
 * Level 2.9 Summonings
 * Level 2.9 Necromancy
 * Level 2.9 Translocations
   Level 0.0 Transmutations
 * Level 2.9 Fire Magic
 * Level 2.9 Ice Magic
 * Level 2.9 Air Magic
 * Level 2.9 Earth Magic
 * Level 2.9 Alchemy
 - Level 3.0 Evocations


You knew the following spells:

 Your Spells              Type           Power      Damage    Failure   Level
a - Magic Dart            Conj           40%        1d5       9%          1
b - Static Discharge      Conj/Air       20%        3-4/arc   12%         2
Your spell library was empty.

Dungeon Overview and Level Annotations

Branches:
Dungeon (3/15)

Altars:


Innate Abilities, Weirdness & Mutations

You are immune to sickness and miasma.
You are immune to poison.
Your flesh is very heat resistant. (rF++)
You are vulnerable to cold. (rC-)
You float through the air rather than walking.
You learn spells naturally, not from books.
Your magical power is your life essence.
You have superior vitality. (+4 MHP)


Message History

You can't see any susceptible monsters within range! (Use Z to cast anyway.) No target in view!
No target in view!
You can't see any susceptible monsters within range! (Use Z to cast anyway.) No target in view!
You can't see any susceptible monsters within range! (Use Z to cast anyway.)
An endoplasm and a gnoll come into view.
The endoplasm quivers.
The gnoll shouts!
A gnoll comes into view. It is wielding a +0 whip.
A gnoll comes into view. It is wielding a +0 flail.
A gnoll comes into view. It is wielding a +0 club.
The magic dart hits the gnoll.
The gnoll shouts! x3
There are monsters nearby!
The magic dart hits the gnoll but does no damage.
The endoplasm barely misses you.
There are monsters nearby!
Casting: Magic Dart (safe; 9% risk of failure)
The gnoll is struck by an arc of lightning.
The endoplasm is struck by an arc of lightning.
You kill the endoplasm!
The lightning grounds out.
The gnoll hits you with a +3 flail.
Casting: Static Discharge (safe; 13% risk of failure)
The gnoll is struck by an arc of lightning.
You are struck by an arc of lightning.
The lightning grounds out.
The gnoll hits you with a +0 whip. The gnoll closely misses you.
Casting: Static Discharge (safe; 13% risk of failure)
The gnoll is struck by an arc of lightning. x2
You kill the gnoll!
The lightning grounds out.
The gnoll barely misses you. The gnoll hits you but does no damage.
The gnoll hits you with a +0 flail!
* * * LOW HITPOINT WARNING * * *
Casting: Static Discharge (safe; 12% risk of failure)
You miscast Static Discharge.
You are very lightly contaminated with residual magic.
Nothing appears to happen.
* * * LOW HITPOINT WARNING * * *
The gnoll completely misses you. The gnoll hits you with a +0 flail!
You die...

#.......## #.....!...
#......... #######.........
#.............#
.#.............#
........ggg....+
.#......)@.....# ..S
#..............# ....
#..............# ....#
#.##+##...######
..†..###..#...........
..........####...#####
##........####.......#
##.........#.#...###.# #.# .#
#........##...#.....####.##.#


You could see 3 gnolls.

Vanquished Creatures
  Terence (D:3)
  A gnoll (D:3)
  2 adders
  A dart slug (D:1)
  7 ball pythons
  6 endoplasms
  2 giant cockroaches (D:1)
  6 goblins
  2 hobgoblins
  4 jackals (D:2)
  5 kobolds
  5 quokkas
  5 bats
  2 frilled lizards
  7 rats
56 creatures vanquished.

Vanquished Creatures (others)
  A ball python (D:1)
1 creature vanquished.

Grand Total: 57 creatures vanquished

Notes
Turn   | Place    | Note
-------+----------+-------------------------------------------
     0 | D:1      | ragingrage the Djinni Artificer began the quest for the
                  | Orb.
     0 | D:1      | Reached XP level 1. HP: 17/17 MP: 0/0
    29 | D:1      | Reached skill level 1 in Stealth
   206 | D:1      | Reached XP level 2. HP: 21/22 MP: 0/0
   789 | D:1      | Reached XP level 3. HP: 24/27 MP: 0/0
   789 | D:1      | Learned a level 1 spell: Magic Dart
   828 | D:1      | Reached skill level 1 in Spellcasting
   828 | D:1      | Reached skill level 1 in Conjurations
   828 | D:1      | Reached skill level 1 in Hexes
   828 | D:1      | Reached skill level 1 in Summonings
   828 | D:1      | Reached skill level 1 in Necromancy
   828 | D:1      | Reached skill level 1 in Translocations
   828 | D:1      | Reached skill level 1 in Fire Magic
   828 | D:1      | Reached skill level 1 in Ice Magic
   828 | D:1      | Reached skill level 1 in Air Magic
   828 | D:1      | Reached skill level 1 in Earth Magic
   828 | D:1      | Reached skill level 1 in Alchemy
  1637 | D:2      | Identified the +7 flail of the Throat {heavy, rN+}
  1651 | D:2      | Reached XP level 4. HP: 30/32 MP: 0/0
  2235 | D:3      | Noticed Terence
  2437 | D:3      | Killed Terence
  2438 | D:3      | Reached XP level 5. HP: 30/37 MP: 0/0
  2438 | D:3      | Learned a level 2 spell: Static Discharge
  2626 | D:3      | Slain by a gnoll

Illustrated notes

Levels and vault maps discovered:
D:1:      saegor_arrival_simple_b, layout_loops_corners
D:2:      layout_loops_ring, hangedman_decor_growths
D:3:      layout_basic, shapermc_ecumenical_altar_ellora, uniq_terence

Skill      XL: |  1  2  3  4 |
---------------+-------------+-----
Stealth        | 1 2 |  2.0
Spellcasting   | 1 2 |  2.9
Conjurations   | 1 2 |  2.9
Hexes          | 1 2 |  2.9
Summonings     | 1 2 |  2.9
Necromancy     | 1 2 |  2.9
Translocations | 1 2 |  2.9
Fire Magic     | 1 2 |  2.9
Ice Magic      | 1 2 |  2.9
Air Magic      | 1 2 |  2.9
Earth Magic    | 1 2 |  2.9
Alchemy        | 1 2 |  2.9
Fighting       | |  1.0
Armour         | |  1.0
Dodging        | |  2.1
Evocations     | |  3.0

Action                     |  1- 3 |  4- 6 || total
---------------------------+-------+-------++-------
  Melee: Club              |    23 |       ||    23
         Dagger            |   120 |     8 ||   128
         Flail             |       |     5 ||     5
   Cast: Magic Dart        |    40 |    48 ||    88
         Static Discharge  |       |     3 ||     3
  Evoke: Wand              |     6 |       ||     6
   Stab: Sleeping          |     1 |       ||     1
 Armour: Leather armour    |   128 |    21 ||   149
  Dodge: Dodged            |    88 |    22 ||   110

Table legend: (Time is in decaauts)
 A = Elapsed time spent in this place.
 B = Non-inter-level travel time spent in this place.
 C = Inter-level travel time spent in this place.
 D = Time resting spent in this place.
 E = Time spent auto-exploring this place.
 F = Levels seen in this place.
 G = Mean time per level.
                   A        B        C        D        E       F      G
               +--------+--------+--------+--------+--------+-----+--------+
         Total |   2638 |   2555 |     83 |    369 |   1663 |   3 |  879.3 |
       Dungeon |   2638 |   2555 |     83 |    369 |   1663 |   3 |  879.3 |
               +--------+--------+--------+--------+--------+-----+--------+

Top non-repeatable levels by time:
     D:1: 1406 daAuts
     D:2: 894 daAuts
     D:3: 336 daAuts
